 Dungeon Crawl Stone Soup version 0.29-a0-319-gad05b8d819 (webtiles) character file.

Game seed: 4105130666910774525

77 Morbidden the Skirmisher (level 4, 32/35 HPs)
             Began as a Demonspawn Monk on Apr 2, 2022.
             Quit the game on level 2 of the Dungeon.
             The game lasted 00:02:11 (1873 turns).

Morbidden the Skirmisher (Demonspawn Monk)          Turns: 1873, Time: 00:02:11

Health: 32/35      AC:  5    Str: 11    XL:     4   Next: 13%
Magic:  4/4        EV: 12    Int: 14    God:
Gold:   52         SH:  0    Dex: 15    Spells: 3/3 levels left

rFire   . . .      SeeInvis .   (no weapon)
rCold   . . .      Faith    .   (no shield)
rNeg    . . .      Spirit   .   b - +0 ring mail
rPois   .          Reflect  .   (no helmet)
rElec   .          Harm     .   (no cloak)
rCorr   .          Rampage  .   (no gloves)
Will    .....                   (no boots)
Stlth   ++........              (no amulet)
HPRegen 0.11/turn               (no ring)
MPRegen 0.09/turn               (no ring)

@: no status effects
A: claws 1, sturdy frame 1
a: no special abilities


You were on level 2 of the Dungeon.
You visited 1 branch of the dungeon, and saw 2 of its levels.

You collected 52 gold pieces.

Inventory:

Missiles
 m - 2 poisoned darts (quivered)
Armour
 b - a +0 ring mail (worn)
Jewellery
 d - a ring of fire
Scrolls
 e - a scroll of fear {unknown}
 f - 3 scrolls of identify {unknown}
 g - 2 scrolls of enchant weapon {unknown}
 i - a scroll of summoning {unknown}
 j - a scroll of holy word {unknown}
Potions
 c - 2 potions of ambrosia
 h - a potion of mutation {unknown}
 k - a potion of might {unknown}
 l - a potion of cancellation {unknown}
 n - a potion of flight {unknown}
 o - a potion of haste {unknown}


   Skills:
 * Level 3.5 Fighting
 * Level 3.4 Axes
 * Level 3.3 Dodging
 + Level 2.0 Stealth
 * Level 0.4 Spellcasting


You had 3 spell levels left.
You didn't know any spells.
Your spell library contained the following spells:

 Spells                   Type           Power      Damage    Failure   Level
 Apportation              Tloc           0%         N/A       41%         1
 Freeze                   Ice            0%         1d3       41%         1
 Frozen Ramparts          Ice            0%         1d2       78%         3
 Hailstorm                Conj/Ice       0%         3d3       99%         4
 Alistair's Intoxication  Tmut/Pois      0%         N/A       100%        5


Dungeon Overview and Level Annotations

Branches:
Dungeon (2/15)

Altars:

Shops:
D:2 [

Annotations:
D:2 Sigmund


Innate Abilities, Weirdness & Mutations

You have sharp fingernails.
Your movements are slightly less encumbered by armour. (ER -2)


Message History

The stone misses you.
You pick up a book of Frost and begin reading...
You add the spells Freeze, Frozen Ramparts and Hailstorm to your library.
The adder bites you but does no damage. x2
Unknown command.
You hit the adder.
You kill the adder!
The kobold throws a stone.
The stone barely misses you.
You have reached level 4!
You feel clever.
Your demonic ancestry asserts itself...
Your fingernails lengthen.
You are now empty-clawed.
You drop a +0 hand axe.
The kobold throws a stone.
The stone hits you but does no damage.
The kobold throws a stone.
The stone hits you but does no damage. The kobold misses you.
You scratch the kobold but do no damage.
The kobold misses you.
You scratch the kobold but do no damage.
The kobold hits you with a +0 club.
You barely miss the kobold. The kobold hits you but does no damage.
You scratch the kobold but do no damage.
The kobold hits you but does no damage.
You scratch the kobold but do no damage.
The kobold misses you.
You scratch the kobold.
The kobold is severely wounded.
The kobold hits you but does no damage.
You scratch the kobold.
You kill the kobold!
No target in view!
No target in view!
No target in view!
No target in view!
No target in view!
No target in view!
Are you sure you want to abandon this character and quit the game? (Confirm with "yes".)
Okay, then.
Unknown command.
Okay, then.
Are you sure you want to abandon this character and quit the game? (Confirm with "yes".)

.!. #.. . #.. #### .. ..###..
.#.# .. .....# .#.# #. #.#..#
.#.## ..#..#####.#..##.....
... .[.....)$..........>#
...............@..)#...#.###
. ................†.....#.###
..#......#....#.#.####......#
..#.#..#.#........# #..#.#.#
#......S.....##.#.# #..#.#
#............##.#.####..#.#.#
#....#.#....#.#.##........#
#...............##.########
###......#........##.#


There were no monsters in sight!

Vanquished Creatures
  4 adders
  2 worms (D:2)
  2 endoplasms (D:1)
  A giant cockroach (D:1)
  3 goblins (D:1)
  3 hobgoblins (D:1)
  A quokka (D:1)
  5 ball pythons
  4 bats (D:1)
  2 frilled lizards (D:1)
  6 kobolds
  6 rats
39 creatures vanquished.

Notes
Turn   | Place    | Note
-------+----------+-------------------------------------------
     0 | D:1      | Morbidden the Demonspawn Monk began the quest for the Orb.
     0 | D:1      | Reached XP level 1. HP: 18/18 MP: 1/1
   364 | D:1      | Gained mutation: Your movements are slightly less
                  | encumbered by armour. (ER -2) [demonic ancestry]
   364 | D:1      | Reached XP level 2. HP: 16/24 MP: 2/2
   849 | D:1      | Found a faded altar of an unknown god.
   952 | D:1      | Reached XP level 3. HP: 11/29 MP: 3/3
  1337 | D:2      | Noticed Sigmund
  1806 | D:2      | Found Ohares's Antique Armour Boutique.
  1862 | D:2      | Gained mutation: You have sharp fingernails. [demonic
                  | ancestry]
  1862 | D:2      | Reached XP level 4. HP: 33/35 MP: 4/4
  1873 | D:2      | Quit the game

Illustrated notes

Levels and vault maps discovered:
D:1:      saegor_arrival_simple_e, layout_loops_ring,
          hellmonk_ecumenical_altar_arch_garden, corexii_leaking_fountain
D:2:      layout_basic, serial_shops, nicolae_shop_statue_plus,
          hangedman_abyss_or_decor_stabs, uniq_sigmund

Skill      XL: |  1  2  3 |
---------------+----------+-----
Dodging        | 3 |  3.3
Axes           | 3 |  3.4
Stealth        | 2 |  2.0
Fighting       | |  3.5
Spellcasting   | |  0.4

Action                   |  1- 3 |  4- 6 || total
-------------------------+-------+-------++-------
Melee: Hand axe          |   128 |       ||   128
       Punch             |     2 |       ||     2
       Unarmed           |       |     7 ||     7
  Use: Potion            |     1 |       ||     1
 Stab: Sleeping          |     3 |       ||     3
Armor: Robe              |    16 |       ||    16
       Leather armour    |    12 |       ||    12
       Ring mail         |     6 |     5 ||    11
Dodge: Dodged            |   100 |     3 ||   103

Table legend: (Time is in decaauts)
 A = Elapsed time spent in this place.
 B = Non-inter-level travel time spent in this place.
 C = Inter-level travel time spent in this place.
 D = Time resting spent in this place.
 E = Time spent auto-exploring this place.
 F = Levels seen in this place.
 G = Mean time per level.
                   A        B        C        D        E       F      G
               +--------+--------+--------+--------+--------+-----+--------+
         Total |   1893 |   1850 |     43 |    251 |   1209 |   2 |  946.5 |
       Dungeon |   1893 |   1850 |     43 |    251 |   1209 |   2 |  946.5 |
               +--------+--------+--------+--------+--------+-----+--------+

Top non-repeatable levels by time:
     D:1: 1365 daAuts
     D:2: 528 daAuts
